 Dungeon Crawl Stone Soup version 0.31-a0-1370-gf52a5a9ab3 (webtiles) character file.

Game seed: 12968193339890864070

452 Laraso the Cudgeller (level 7, -1/70 HPs)
             Began as an Oni Cinder Acolyte on Dec 24, 2023.
             Was a High Priest of Ignis.
             Slain by a gnoll sergeant
             ... wielding a +0 spear of venom
              (6 damage)
             ... on level 5 of the Dungeon.
             The game lasted 00:05:18 (4565 turns).

Laraso the Cudgeller (Oni Cinder Acolyte)           Turns: 4565, Time: 00:05:19

Health: -1/70      AC:  4    Str: 19    XL:     7   Next: 4%
Magic:  3/11       EV: 14    Int: 17    God:    Ignis [*****.]
Gold:   233        SH:  0    Dex:  4    Spells: 10/12 levels left

rFire   + . .        a - +0 mace (flame)
rCold   . . .        (no shield)
rNeg    + . .        b - +1 robe
rPois   .            (helmet restricted)
rElec   .            (no cloak)
rCorr   .            (gloves unavailable)
SInv    .            (boots unavailable)
Will    .....        (no amulet)
Stlth   +            e - ring of positive energy
HPRegen 0.31/turn    g - +5 ring of evasion
MPRegen 0.12/turn

%: no passive effects
@: lethally poisoned (-1 -> -18)
A: large, unfitting armour, horns 1, tough skin 1, double potion healing,
drunken brawling
a: Renounce Religion, Fiery Armour, Foxfire Swarm, Rising Flame


You were on level 5 of the Dungeon.
You worshipped Ignis.
Ignis was extremely pleased with you.
You visited 2 branches of the dungeon, and saw 6 of its levels.

You collected 233 gold pieces.

Inventory:

Hand Weapons
 a - a +0 mace of flaming (weapon)
Armour
 b - a +1 robe (worn)
Jewellery
 e - a ring of positive energy (left hand)
 g - a +5 ring of evasion (right hand)
Wands
 o - a wand of digging (4)
Scrolls
 c - a scroll of revelation
 d - a scroll of fog
 f - 2 scrolls of teleportation
Potions
 h - a potion of mutation
 i - 2 potions of brilliance
 j - 2 potions of curing {unknown}
 l - 7 potions of heal wounds
 m - a potion of cancellation


   Skills:
 - Level 4.0 Fighting
 * Level 7.1 Maces & Flails
 - Level 3.0 Spellcasting
 - Level 3.0 Fire Magic


You had 10 spell levels left.
You knew the following spells:

 Your Spells              Type           Power      Damage    Failure   Level
a - Scorch                Fire           24%        2d6       8%          2

Your spell library contained the following spells:

 Spells                   Type           Power      Damage    Failure   Level
 Volatile Blastmotes      Fire/Tloc      14%        2d11      28%         3
 Dazzling Flash           Conj/Hex       4%         N/A       45%         3
 Starburst                Conj/Fire      3%         6d3       100%        6
 Maxwell's Capacitive Co  Air            1%         ∞         100%        8


Dungeon Overview and Level Annotations

Branches:
Dungeon (5/15)             Temple (1/1) D:4

Altars:
Ashenzari
Elyvilon
Fedhas
Gozag
Hepliaklqana
Kikubaaqudgha
Makhleb
Okawaru
Sif Muna
Uskayaw
Wu Jian
Xom
Yredelemnul
Zin
The Shining One


Innate Abilities, Weirdness & Mutations

You are too large for most types of armour.
You have a pair of small horns on your head.
You have tough skin. (AC +1)
You gain doubled healing and magic from potions.
Whenever you drink a healing potion, you attack all around you.


Message History

You are more poisoned.
You feel very sick.
You feel sick.
You feel sick.
You feel sick.
The gnoll sergeant attacks as it pursues you!
The gnoll sergeant closely misses you.
You feel sick.
You feel sick.
You feel sick.
The gnoll sergeant is no longer more vulnerable to fire.
You feel sick.
You feel sick.
You are no longer poisoned.
The gnoll sergeant attacks as it pursues you!
The gnoll sergeant closely misses you.
The gnoll sergeant attacks as it pursues you!
The gnoll sergeant hits you from afar with a +0 spear of venom!
You are poisoned.
Your magical contamination has completely faded away.
You feel very sick.
You feel very sick.
You feel very sick.
Things that are here:
a +0 spear; a gnoll corpse You feel sick.
Things that are here:
a +0 whip; a gnoll corpse You feel sick.
You feel sick.
You feel sick.
The gnoll sergeant attacks as it pursues you!
The gnoll sergeant hits you from afar with a +0 spear of venom!
* * * LOW HITPOINT WARNING * * *
You are lethally poisoned!
There is an escape hatch in the ceiling, spattered with blood here.
* * * LOW HITPOINT WARNING * * *
You feel very sick.
The gnoll sergeant hits you from afar with a +0 spear of venom.
You die...

+.. #....# #.. #....# ###+##
###...#....# +.... ......#....#
... #... ......'....# ##+##..
#..# ##########....#
......#+##..###+##.........####..
......#..........#.........#..#..
......#.........@#.........#..#..
......#..........#.........#..#..
......#.........g#.........#..# .
......#'##..####.g).g.........#
##'##....#..#....##############
....#....#..#....#
....#....#..#.<..#
....#....#..#....#
#..##....#.......#


You could see a gnoll sergeant and a gnoll.

Vanquished Creatures
  Sigmund (D:4)
  A scorpion (D:4)
  A jelly (D:4)
  An orc priest (D:5)
  Natasha (D:4)
  3 gnolls (D:5)
  4 adders
  2 worms
  2 dart slugs
  2 orcs (D:5)
  9 ball pythons
  8 endoplasms
  5 giant cockroaches
  5 goblins
  8 hobgoblins
  4 jackals (D:3)
  2 quokkas
  6 bats
  4 frilled lizards
  6 kobolds
  9 rats
84 creatures vanquished.

Notes
Turn   | Place    | Note
-------+----------+-------------------------------------------
     0 | D:1      | Laraso the Oni Cinder Acolyte began the quest for the Orb.
     0 | D:1      | Reached XP level 1. HP: 24/24 MP: 2/2
    54 | D:1      | Reached XP level 2. HP: 27/32 MP: 2/4
   105 | D:1      | Found a faded altar of an unknown god.
   165 | D:1      | Learned a level 2 spell: Scorch
   507 | D:1      | Reached XP level 3. HP: 39/39 MP: 0/5
  1465 | D:2      | Reached skill level 4 in Maces & Flails
  1628 | D:2      | Reached XP level 4. HP: 42/48 MP: 0/7
  2978 | D:4      | Found a hazy altar of Hepliaklqana.
  3355 | D:4      | Found a staircase to the Ecumenical Temple.
  3369 | D:4      | Noticed a scorpion
  3378 | D:4      | Killed a scorpion
  3379 | D:4      | Reached skill level 5 in Maces & Flails
  3379 | D:4      | Reached XP level 5. HP: 41/54 MP: 1/9
  3469 | Temple   | Entered the Ecumenical Temple
  3522 | D:4      | Noticed Sigmund
  3531 | D:4      | Killed Sigmund
  3532 | D:4      | Reached skill level 6 in Maces & Flails
  3532 | D:4      | Reached XP level 6. HP: 62/62 MP: 1/10
  4065 | D:4      | Noticed Natasha
  4069 | D:4      | Killed Natasha
  4139 | D:5      | Entered Level 5 of the Dungeon
  4404 | D:5      | Reached skill level 7 in Maces & Flails
  4408 | D:5      | Reached XP level 7. HP: 59/70 MP: 1/11
  4565 | D:5      | Slain by a gnoll sergeant

Illustrated notes

Levels and vault maps discovered:
D:1:      minmay_arrival_doors, layout_loops_ring, basic_ecumenical_altar,
          kennysheep_another_room, minmay_misc_feat_tiny, fountainhead,
          minmay_indecisive_spiral
D:2:      layout_basic, minmay_misc_feat_square, minivault_5
D:3:      layout_rooms
D:4:      kennysheep_big_flooded_room, layout_rooms,
          nicolae_hepliaklqana_hazy_memory,
          minmay_temple_entry_statues_fountains, solitary_fountain,
          uniq_sigmund, uniq_natasha
D:5:      layout_gridville, serial_shops, kennysheep_mini_moat
Temple:   nicolae_temple_bog_church

Skill      XL: |  1  2  3  4  5  6 |
---------------+-------------------+-----
Fire Magic     | 3 |  3.0
Spellcasting   | 2 3 |  3.0
Maces & Flails | 4 5 6 7 |  7.1
Fighting       | |  4.0

Action                     |  1- 3 |  4- 6 |  7- 9 || total
---------------------------+-------+-------+-------++-------
  Melee: Mace              |    37 |    47 |       ||    84
         Headbutt          |     5 |     3 |       ||     8
         Punch             |     1 |       |       ||     1
   Cast: Scorch            |    25 |    57 |     5 ||    87
    Use: Scroll            |       |    12 |       ||    12
 Armour: Robe              |    22 |    37 |     6 ||    65
  Dodge: Dodged            |    20 |    40 |     5 ||    65

Table legend: (Time is in decaauts)
 A = Elapsed time spent in this place.
 B = Non-inter-level travel time spent in this place.
 C = Inter-level travel time spent in this place.
 D = Time resting spent in this place.
 E = Time spent auto-exploring this place.
 F = Levels seen in this place.
 G = Mean time per level.
                   A        B        C        D        E       F      G
               +--------+--------+--------+--------+--------+-----+--------+
         Total |   4580 |   4475 |    105 |   1003 |   2841 |   6 |  763.3 |
       Dungeon |   4536 |   4445 |     91 |   1003 |   2841 |   5 |  907.2 |
        Temple |     43 |     29 |     14 |      0 |      0 |   1 |   43.0 |
               +--------+--------+--------+--------+--------+-----+--------+

Top non-repeatable levels by time:
     D:2: 1232 daAuts
     D:4: 1118 daAuts
     D:1: 1064 daAuts
     D:3: 694 daAuts
     D:5: 426 daAuts
  Temple: 43 daAuts
